 Dungeon Crawl Stone Soup version 0.17.1-1-g73c8601 (webtiles) character file.

140 Aarh the Ruffian (level 5, -5/33 HPs)
             Began as a Gargoyle Monk on Jan 9, 2016.
             Killed from afar by Natasha (7 damage)
             ... with a wand of magic darts
             ... on level 4 of the Dungeon.
             The game lasted 00:10:46 (2143 turns).

Aarh the Ruffian (Gargoyle Monk)                    Turns: 2143, Time: 00:10:46

Health: -5/33      AC:  9    Str: 14    XL:     5   Next: 23%
Magic:  5/5        EV: 11    Int: 11    God:
Gold:   128        SH:  0    Dex: 13    Spells: 0 memorised, 4 levels left

rFire  . . .     SeeInvis .     k - +1 short sword
rCold  . . .     Clarity  .     i - +0 ring mail
rNeg   + . .     SustAt   .     (no shield)
rPois  ∞         Gourm    .     (no helmet)
rElec  +         Spirit   .     (no cloak)
rCorr  .         Warding  .     (no gloves)
rMut   .         Stasis   .     (no boots)
MR     .....                    (no amulet)
Stlth  ++........               (no ring)
                                (no ring)

@: not resistant to hostile enchantments, unstealthy
A: negative energy resistance 1, electricity resistance, unbreathing,
petrification resistance, rot immunity, AC +4
a: no special abilities


You were on level 4 of the Dungeon.
You were not hungry.

You visited 1 branch of the dungeon, and saw 4 of its levels.

You collected 128 gold pieces.

Inventory:

Hand Weapons
 e - a +0 whip
   (You took it off a kobold on level 1 of the Dungeon)
 k - a +1 short sword (weapon)
   (You took it off a kobold on level 1 of the Dungeon)
 v - a +0 trident
   (You took it off an orc on level 3 of the Dungeon)
Missiles
 g - 8 needles of confusion
 l - 176 stones (quivered)
Armour
 a - a +0 robe
 i - a +0 ring mail (worn)
   (You found it on level 1 of the Dungeon)
 j - a +2 large shield
   (You found it on level 1 of the Dungeon)
Jewellery
 c - an uncursed amulet of the gourmand {unknown}
   (You found it on level 2 of the Dungeon)
 h - an uncursed ring of fire {unknown}
   (You found it on level 1 of the Dungeon)
Wands
 q - a wand of polymorph (24)
   (You found it on level 2 of the Dungeon)
Potions
 d - a potion of might
 f - a potion of magic {unknown}
 m - 3 potions of brilliance
 p - a potion of agility {unknown}
 u - a potion of heal wounds {unknown}
 w - a potion of degeneration {unknown}
Comestibles
 b - 3 bread rations
 o - a chunk of flesh
 t - a meat ration


   Skills:
 + Level 4.0 Fighting
 * Level 2.0 Short Blades
 * Level 1.9 Throwing
 + Level 0.7 Armour
 + Level 2.7 Dodging
 * Level 2.9 Stealth
 - Level 4.0 Unarmed Combat


You had 4 spell levels left.
You didn't know any spells.

Dungeon Overview and Level Annotations

Branches:
Dungeon (4/15)
 Temple: D:4-7

Altars:
Fedhas
Qazlal
Zin

Annotations:
D:4 Natasha


Innate Abilities, Weirdness & Mutations

You are resistant to torment.
Your stone body is resilient (AC +4).
You are immune to poison.
You resist negative energy.
You are resistant to electric shocks.
You can survive without breathing.
You are immune to petrification.
You are immune to rotting.


Message History

An orc priest comes into view. It is wielding a whip.
The orc throws a tomahawk.
The tomahawk closely misses you.
You see here a club.
A gnoll and a kobold come into view.
The orc throws a tomahawk.
The tomahawk closely misses you.
The kobold wields a blowgun.
The kobold shoots a poisoned needle.
The poisoned needle closely misses you.
A gnoll comes into view. It is wielding a flail.
The orc throws a tomahawk.
The tomahawk hits you.
Things that are here:
a tomahawk; a club The kobold shoots a poisoned needle.
The poisoned needle hits you!
Things that are here:
a poisoned needle; a giant cockroach corpse The kobold shoots a poisoned needle.
The poisoned needle hits you!
Items here: ! ( ) [ † a poisoned needle; a dagger; a robe; a potion of brilliance the human corpse of Jessica Some of the chunks of flesh in your inventory have rotted away.
There is a stone staircase leading down here.
The orc hits you but does no damage.
You climb downwards.
There is a stone staircase leading up here.
You puncture the orc!
You kill the orc!
You see here a club.
You start resting.
HP restored.
Found 3 fruits.
Found a blossoming altar of Fedhas.
Found 8 fruits.
Natasha, Servant of Life and Death comes into view.
Natasha zaps a wand.
The magic dart hits you!
It is a wand of magic darts.
You hit Natasha but do no damage.
Natasha zaps a wand.
The magic dart hits you!
You closely miss Natasha. Natasha claws you!
You barely miss Natasha.
Natasha zaps a wand.
The magic dart hits you!
You hit Natasha.
Natasha is lightly wounded.
Natasha zaps a wand.
The magic dart hits you!
* * * LOW HITPOINT WARNING * * *
You closely miss Natasha.
Natasha is lightly wounded.
Natasha wildly gestures.
Natasha glows brightly for a moment.
Natasha claws you.
* * * LOW HITPOINT WARNING * * *
You miss Natasha.
Natasha is lightly wounded.
Natasha zaps a wand.
The magic dart hits you!
You die...

♣♣♣♣ ♣♣...♣♣
♣♣.....♣♣
♣♣.......♣♣
♣%..._..%.♣
♣♣.......%.♣♣
♣.......%...♣
♣.....@h♣
♣♣♣...♣♣♣ ♣♣...♣♣
♣♣♣.....♣♣♣♣♣###
#...............#
#.############.##
# #.# #.# #)#


You could see Natasha.

Vanquished Creatures
  Monster Symbol All '@' Jessica (D:3)
1 creature vanquished. All 'K' 8 kobolds (D:1)
8 creatures vanquished. All 'S' 5 adders (D:2 D:3)
5 creatures vanquished. All 'b' 3 bats (D:2)
3 creatures vanquished. All 'g' A gnoll (D:3) 7 hobgoblins (D:1 D:2 D:3) 2 goblins (D:2)
10 creatures vanquished. All 'h' 3 jackals (D:1)
3 creatures vanquished. All 'l' 2 giant geckos (D:2) 3 giant newts (D:1 D:3)
5 creatures vanquished. All 'o' 2 orcs (D:3 D:4)
2 creatures vanquished. All 'r' A quokka (D:3) 10 rats (D:1 D:2 D:3)
11 creatures vanquished. All 's' 2 giant cockroaches (D:2 D:3)
2 creatures vanquished. All 'w' 4 worms (D:2 D:3)
4 creatures vanquished.
54 creatures vanquished. Monster Nature Uniques Jessica (D:3)
1 creature vanquished. Natural Monsters 5 adders (D:2 D:3) A gnoll (D:3) 4 worms (D:2 D:3) 2 giant geckos (D:2) 2 orcs (D:3 D:4) 3 bats (D:2) 2 giant cockroaches (D:2 D:3) 7 hobgoblins (D:1 D:2 D:3) A quokka (D:3) 3 giant newts (D:1 D:3) 2 goblins (D:2) 3 jackals (D:1) 8 kobolds (D:1) 10 rats (D:1 D:2 D:3)
53 creatures vanquished.
54 creatures vanquished. Ascending Order Jessica (D:3) A gnoll (D:3) A quokka (D:3) 2 orcs (D:3 D:4) 2 giant geckos (D:2) 2 giant cockroaches (D:2 D:3) 2 goblins (D:2) 3 bats (D:2) 3 jackals (D:1) 3 giant newts (D:1 D:3) 4 worms (D:2 D:3) 5 adders (D:2 D:3) 7 hobgoblins (D:1 D:2 D:3) 8 kobolds (D:1) 10 rats (D:1 D:2 D:3)
54 creatures vanquished.

Notes
Turn   | Place    | Note
--------------------------------------------------------------
     0 | D:1      | Aarh the Gargoyle Monk began the quest for the Orb.
     0 | D:1      | Reached XP level 1. HP: 14/14 MP: 1/1
   403 | D:1      | Reached XP level 2. HP: 16/19 MP: 2/2
  1037 | D:2      | Reached skill level 1 in Throwing
  1055 | D:2      | Reached XP level 3. HP: 20/24 MP: 3/3
  1147 | D:2      | Reached skill level 1 in Short Blades
  1370 | D:2      | Found a glowing silver altar of Zin.
  1370 | D:2      | Noticed an angel
  1397 | D:2      | Found a stormy altar of Qazlal.
  1490 | D:2      | Reached XP level 4. HP: 29/29 MP: 4/4
  2030 | D:3      | Noticed Jessica
  2033 | D:3      | Killed Jessica
  2033 | D:3      | Reached skill level 4 in Fighting
  2033 | D:3      | Reached XP level 5. HP: 27/33 MP: 5/5
  2041 | D:3      | Reached skill level 2 in Short Blades
  2133 | D:4      | Found a blossoming altar of Fedhas.
  2136 | D:4      | Noticed Natasha
  2141 | D:4      | HP: 2/33 [Natasha/wand of magic darts (11)]
  2143 | D:4      | Killed from afar by Natasha

Action                   |  1- 3 |  4- 6 || total
-------------------------+-------+-------++-------
Melee: Unarmed           |    30 |       ||    30
       Short sword       |    89 |   100 ||   189
  Use: Scroll            |     4 |     3 ||     7
       Potion            |       |     1 ||     1
 Stab: Sleeping          |     1 |     1 ||     2
       Distracted        |     1 |       ||     1
  Eat: Chunk             |     2 |     2 ||     4
Dungeon Crawl Stone Soup version 0.17.1-1-g73c8601 (webtiles) character file. 140 Aarh the Ruffian (level 5, -5/33 HPs) Began as a Gargoyle Monk on Jan 9, 2016. Killed from afar by Natasha (7 damage) ... with a wand of magic darts ... on level 4 of the Dungeon. The game lasted 00:10:46 (2143 turns). Aarh the Ruffian (Gargoyle Monk) Turns: 2143, Time: 00:10:47 Health: -5/33 AC: 9 Str: 14 XL: 5 Next: 23% Magic: 5/5 EV: 11 Int: 11 God: Gold: 128 SH: 0 Dex: 13 Spells: 0 memorised, 4 levels left rFire . . . SeeInvis . k - +1 short sword rCold . . . Clarity . i - +0 ring mail rNeg + . . SustAt . (no shield) rPois ∞ Gourm . (no helmet) rElec + Spirit . (no cloak) rCorr . Warding . (no gloves) rMut . Stasis . (no boots) MR ..... (no amulet) Stlth ++........ (no ring) (no ring) @: not resistant to hostile enchantments, unstealthy A: negative energy resistance 1, electricity resistance, unbreathing, petrification resistance, rot immunity, AC +4 a: no special abilities Innate Abilities, Weirdness & Mutations You are resistant to torment. Your stone body is resilient (AC +4). You are immune to poison. You resist negative energy. You are resistant to electric shocks. You can survive without breathing. You are immune to petrification. You are immune to rotting. Skills: + Level 4.0 Fighting * Level 2.0 Short Blades * Level 1.9 Throwing + Level 0.7 Armour + Level 2.7 Dodging * Level 2.9 Stealth - Level 4.0 Unarmed Combat You had 4 spell levels left. You didn't know any spells. You were on level 4 of the Dungeon. You were not hungry. You visited 1 branch of the dungeon, and saw 4 of its levels. You collected 128 gold pieces. You could see Natasha. Message History An orc priest comes into view. It is wielding a whip. The orc throws a tomahawk. The tomahawk closely misses you. You see here a club. A gnoll and a kobold come into view. The orc throws a tomahawk. The tomahawk closely misses you. The kobold wields a blowgun. The kobold shoots a poisoned needle. The poisoned needle closely misses you. A gnoll comes into view. It is wielding a flail. The orc throws a tomahawk. The tomahawk hits you. Things that are here: a tomahawk; a club The kobold shoots a poisoned needle. The poisoned needle hits you! Things that are here: a poisoned needle; a giant cockroach corpse The kobold shoots a poisoned needle. The poisoned needle hits you! Items here: ! ( ) [ † a poisoned needle; a dagger; a robe; a potion of brilliance the human corpse of Jessica Some of the chunks of flesh in your inventory have rotted away. There is a stone staircase leading down here. The orc hits you but does no damage. You climb downwards. There is a stone staircase leading up here. You puncture the orc! You kill the orc! You see here a club. You start resting. HP restored. Found 3 fruits. Found a blossoming altar of Fedhas. Found 8 fruits. Natasha, Servant of Life and Death comes into view. Natasha zaps a wand. The magic dart hits you! It is a wand of magic darts. You hit Natasha but do no damage. Natasha zaps a wand. The magic dart hits you! You closely miss Natasha. Natasha claws you! You barely miss Natasha. Natasha zaps a wand. The magic dart hits you! You hit Natasha. Natasha is lightly wounded. Natasha zaps a wand. The magic dart hits you! * * * LOW HITPOINT WARNING * * * You closely miss Natasha. Natasha is lightly wounded. Natasha wildly gestures. Natasha glows brightly for a moment. Natasha claws you. * * * LOW HITPOINT WARNING * * * You miss Natasha. Natasha is lightly wounded. Natasha zaps a wand. The magic dart hits you! You die...

Action                   |  1- 3 |  4- 6 || total
-------------------------+-------+-------++-------
Melee: Unarmed           |    30 |       ||    30
       Short sword       |    89 |   100 ||   189
  Use: Scroll            |     4 |     3 ||     7
       Potion            |       |     1 ||     1
 Stab: Sleeping          |     1 |     1 ||     2
       Distracted        |     1 |       ||     1
  Eat: Chunk             |     2 |     2 ||     4
Notes Turn | Place | Note -------------------------------------------------------------- 0 | D:1 | Aarh the Gargoyle Monk began the quest for the Orb. 0 | D:1 | Reached XP level 1. HP: 14/14 MP: 1/1 403 | D:1 | Reached XP level 2. HP: 16/19 MP: 2/2 1037 | D:2 | Reached skill level 1 in Throwing 1055 | D:2 | Reached XP level 3. HP: 20/24 MP: 3/3 1147 | D:2 | Reached skill level 1 in Short Blades 1370 | D:2 | Found a glowing silver altar of Zin. 1370 | D:2 | Noticed an angel 1397 | D:2 | Found a stormy altar of Qazlal. 1490 | D:2 | Reached XP level 4. HP: 29/29 MP: 4/4 2030 | D:3 | Noticed Jessica 2033 | D:3 | Killed Jessica 2033 | D:3 | Reached skill level 4 in Fighting 2033 | D:3 | Reached XP level 5. HP: 27/33 MP: 5/5 2041 | D:3 | Reached skill level 2 in Short Blades 2133 | D:4 | Found a blossoming altar of Fedhas. 2136 | D:4 | Noticed Natasha 2141 | D:4 | HP: 2/33 [Natasha/wand of magic darts (11)] 2143 | D:4 | Killed from afar by Natasha

Table legend:
 A = Turns spent in this place as a percentage of turns spent in the entire game.
 B = Non-inter-level travel turns spent in this place as a percentage of non-inter-level travel turns spent in the entire game.
 C = Inter-level travel turns spent in this place as a percentage of turns spent in this place.
 D = Turns resting spent in this place as a percentage of non-inter-level travel turns spent in this place.
 E = Turns spent auto-exploring this place as a percentage of non-inter-level travel turns spent in this place.
 F = Non-inter-level travel turns spent in this place divided by the number of levels of this place that you've seen.
                   A       B       C       D       E      F
               +-------+-------+-------+-------+-------+----------------------
         Total | 100.0 | 100.0 |   0.0 |   1.6 |   2.5 | 253.0
       Dungeon | 100.0 | 100.0 |   0.0 |   1.6 |   2.5 | 253.0
               +-------+-------+-------+-------+-------+----------------------

Table legend:
 A = Kills in this place as a percentage of kills in entire the game.
 B = Kills by you in this place as a percentage of kills by you in the entire game.
 C = Kills by friends in this place as a percentage of kills by friends in the entire game.
 D = Other kills in this place as a percentage of other kills in the entire game.
 E = Experience gained in this place as a percentage of experience gained in the entire game.
 F = Experience gained in this place divided by the number of levels of this place that you have seen.
                   A       B       C       D       E      F
               +-------+-------+-------+-------+-------+----------------------
         Total | 100.0 | 100.0 |  -nan |  -nan | 100.0 |  50.2
       Dungeon | 100.0 | 100.0 |  -nan |  -nan | 100.0 |  50.2
               +-------+-------+-------+-------+-------+----------------------

Vault maps used:
D:1:      matt_arrival_refuge, serial_bayou_pond_c
D:2:      minmay_door_path, zin_angel, grunt_qazlal_sundering
D:3:      uniq_jessica
D:4:      fedhas_altar_fruit_tree, serial_shops, nicolae_shop_waterfront,
          nicolae_shop_statue_plus, uniq_natasha
